 Dungeon Crawl Stone Soup version 0.25.1-2-g60ff931df9 (webtiles) character file.

Game seed: 18085311970824554062

39 hawla the Ducker (level 3, -4/30 HPs)
             Began as a Minotaur Gladiator on Oct 18, 2020.
             Slain by a gnoll
             ... wielding a +0 halberd
              (12 damage)
             ... on level 2 of the Dungeon.
             The game lasted 00:01:51 (1323 turns).

hawla the Ducker (Minotaur Gladiator)               Turns: 1323, Time: 00:01:51

Health: -4/30      AC:  4    Str: 19    XL:     3   Next: 28%
Magic:  2/2        EV: 13    Int:  5    God:
Gold:   74         SH:  0    Dex: 11    Spells: 2/2 levels left

rFire    . . .     SeeInvis .   a - +1 quarterstaff
rCold    . . .     Gourm    .   (shield currently unavailable)
rNeg     . . .     Faith    .   b - +0 leather armour
rPois    .         Spirit   .   c - +1 hat
rElec    .         Reflect  .   (no cloak)
rCorr    .         Harm     .   (no gloves)
MR       .....                  (no boots)
Stlth    +.........             (no amulet)
HPRegen  0.10/turn              (no ring)
MPRegen  0.08/turn              (no ring)

@: no status effects
A: retaliatory headbutt, horns 2
a: no special abilities


You were on level 2 of the Dungeon.
You were not hungry.

You visited 1 branch of the dungeon, and saw 2 of its levels.

You collected 74 gold pieces.

Inventory:

Hand Weapons
 a - a +1 quarterstaff (weapon)
Missiles
 d - 2 throwing nets (quivered)
Armour
 b - a +0 leather armour (worn)
 c - a +1 hat (worn)
 m - a +0 scale mail
 n - a +0 robe
Jewellery
 j - a +4 ring of evasion
Scrolls
 e - a scroll of magic mapping
 l - a scroll of teleportation {unknown}
 p - a scroll of enchant armour
Potions
 g - a potion of brilliance {unknown}
 i - 2 potions of invisibility {unknown}
 o - a potion of heal wounds {unknown}
Comestibles
 f - 4 rations
 h - 4 chunks of flesh


   Skills:
 + Level 2.6 Fighting
 + Level 4.1 Staves
 + Level 2.4 Throwing
 * Level 4.1 Dodging
 + Level 0.1 Stealth


You had 2 spell levels left.
You didn't know any spells.
Your spell library was empty.

Dungeon Overview and Level Annotations

Branches:
Dungeon (2/15)

Altars:


Innate Abilities, Weirdness & Mutations

You reflexively headbutt those who attack you in melee.
You have a pair of horns on your head.


Message History

p - a scroll of enchant armour Some of the chunks of flesh in your inventory have rotted away.
A gnoll comes into view. It is wielding a +0 halberd.
Found 8 gold pieces.
Found a scroll of fog.
A gnoll comes into view. It is wielding a +0 halberd.
Found a stone staircase leading down. 2 gnolls come into view.
A gnoll is wielding a +1 flail of pain.
The gnoll shouts! x2
The gnoll hits you with a +0 halberd!
The gnoll moves out of view. x2
You closely miss the gnoll. The gnoll hits you with a +0 halberd!
* * * LOW HITPOINT WARNING * * *
You are too injured to fight recklessly!
You are too injured to fight recklessly!
You are too injured to fight recklessly!
As you read the scroll labeled KEYSOTIYXT, it crumbles to dust.
It is a scroll of identify.
j - a +4 ring of evasion The gnoll hits you with a +0 halberd!
You die...

*,,,,,,,* *,,,
****,......*******,,,
###,,,,>....,,,,,,,+,,,
#...,,,....,,*******,,,
#?..♣,,...,,,*,,,,,,,,,
#..♣.♣,g.,,,,*,,,,,,,,,
#.♣._.♣.######,,,,,,,,*
#..♣.♣g.......,,,,,,,,,
#...♣.@$#*****,,,,,,,,,
#.......# *,,,,,,,,,
###....## **********
#...###############
##................#
####...#########.###
#...# #........
#...#####.....###
########...............#


You could see 2 gnolls.

Vanquished Creatures
  A gnoll (D:1)
  An adder (D:2)
  A dart slug (D:1)
  A leopard gecko (D:2)
  A ball python (D:2)
  2 giant cockroaches
  A goblin (D:1)
  2 hobgoblins
  A bat (D:2)
  A frilled lizard (D:1)
  3 kobolds (D:1)
  4 rats (D:1)
19 creatures vanquished.

Notes
Turn   | Place    | Note
-------+----------+-------------------------------------------
     0 | D:1      | hawla the Minotaur Gladiator began the quest for the Orb.
     0 | D:1      | Reached XP level 1. HP: 18/18 MP: 0/0
    31 | D:1      | Reached XP level 2. HP: 11/25 MP: 1/1
   854 | D:2      | Reached XP level 3. HP: 24/30 MP: 2/2
  1182 | D:2      | Found a faded altar of an unknown god.
  1323 | D:2      | Slain by a gnoll

Illustrated notes

Levels and vault maps discovered:
D:1:      roderic_crossed_star, layout_loops_ring
D:2:      layout_basic, lemuel_blue_sif_altar, first_ration,
          chequers_ecumenical_altar_simple_redux, minmay_distorted

Skill      XL: |  1  2 |
---------------+-------+-----
Dodging        | 4 |  4.1
Staves         | 4 |  4.1
Fighting       | |  2.6
Throwing       | |  2.4
Stealth        | |  0.1

Action                   || total
-------------------------++-------
Melee: Quarterstaff      ||    42
       Headbutt          ||     6
Throw: Throwing net      ||     2
  Use: Scroll            ||     6
  Eat: Chunk             ||     1
Armor: Leather armour    ||     3
Dodge: Dodged            ||    31
